 Dungeon Crawl Stone Soup version 0.26-a0-665-gefeb406119 (webtiles) character file.

Game seed: 17695641096415997139

111 jasper the Chopper (level 4, -4/40 HPs)
             Began as a Palentonga Delver on Oct 13, 2020.
             Was an Initiate of Trog.
             Slain by a gnoll
             ... wielding a +0 spear
              (6 damage)
             ... on level 4 of the Dungeon.
             The game lasted 00:01:41 (802 turns).

jasper the Chopper (Palentonga Delver)               Turns: 802, Time: 00:01:42

Health: -4/40      AC:  4    Str: 16    XL:     4   Next: 62%
Magic:  4/4        EV:  9    Int: 11    God:    Trog [......]
Gold:   25         SH:  0    Dex: 11    Spells: 3/3 levels left

rFire    . . .     SeeInvis +   a - +0 hand axe
rCold    . . .     Faith    .   (no shield)
rNeg     . . .     Spirit   .   b - +0 leather armour
rPois    .         Reflect  .   (no helmet)
rElec    .         Harm     .   (no cloak)
rCorr    .         Rampage  .   (no gloves)
MR       .....                  (no barding)
Stlth    ++........             (no amulet)
HPRegen  0.13/turn              (no ring)
MPRegen  0.09/turn              (no ring)

@: no status effects
A: large, rugged brown scales 3, see invisible, deformed body, roll, armoured
tail
a: Rolling Charge, Renounce Religion


You were on level 4 of the Dungeon.
You worshipped Trog.
Trog was noncommittal.
You visited 1 branch of the dungeon, and saw 2 of its levels.

You collected 25 gold pieces.

Inventory:

Hand Weapons
 a - a +0 hand axe (weapon)
Armour
 b - a +0 leather armour (worn)
 h - a +0 pair of boots
Wands
 g - a wand of digging (1)
Scrolls
 c - a scroll of fog
 d - a scroll of magic mapping
 k - a scroll of enchant weapon


   Skills:
 - Level 3.0 Fighting
 + Level 4.9 Axes
 - Level 1.5 Dodging
 - Level 3.3 Stealth


You had 3 spell levels left.
You didn't know any spells.
Your spell library was empty.

Dungeon Overview and Level Annotations

Branches:
Dungeon (5/15)             Temple (0/1) D:5

Altars:
Trog

Annotations:
D:5 1 exclusion


Innate Abilities, Weirdness & Mutations

You are completely covered in rugged brown scales. (AC +3, +7% HP)
You have supernaturally acute eyesight. (SInv)
Armour fits poorly on your strangely shaped body.
You can roll at foes to attack.
You have a long armoured tail.


Message History

Roll where?
Press: ? - help, Dir - move target cursor, f - gnoll
Aim: a gnoll, wielding a +0 whip (heavily wounded)
You roll forward with a clatter of scales!
You slash the gnoll!
You kill the gnoll!
Trog accepts your kill.
As you read the scroll labeled QIXY QAASEN, it crumbles to dust.
It is a scroll of identify.
k - a scroll of enchant weapon You aren't carrying any potions.
Unknown command.
As you read the scroll of fear, it crumbles to dust.
You assume a fearsome visage.
The gnoll looks frightened!
You start resting.
A gnoll is nearby!
You closely miss the gnoll.
Your attack snaps the gnoll out of its fear.
The gnoll hits you with a +0 spear.
You die...

#.............
#.##...#....#
#.##.#.#....## ##
#.##.#.?...... #.#
#.##.#>....... #.#
#.##.#...l....
#.###.##.####.....
##g##.##.. o....
##@#.#.#.. ...#
#.###g.#..o+ ....
#.## ##g#...# #..
## #(#.).# .
#.#.g.# ..
#g#...#...
#o#g.g....
#####.#.......
#.....'.......


You could see a gnoll.

Vanquished Creatures
  A water moccasin zombie (D:5)
  A worker ant (D:5)
  A gnoll (D:4)
  2 adders (D:5)
  2 orcs
7 creatures vanquished.

Notes
Turn   | Place    | Note
-------+----------+-------------------------------------------
     0 | D:5      | jasper the Palentonga Delver began the quest for the Orb.
     0 | D:5      | Reached XP level 1. HP: 20/20 MP: 1/1
    11 | D:4      | Noticed an orc priest
    33 | D:5      | Reached XP level 2. HP: 13/27 MP: 2/2
   295 | D:5      | Noticed an ogre
   313 | D:5      | Found a bloodstained altar of Trog.
   317 | D:5      | Became a worshipper of Trog the Wrathful
   332 | D:5      | Reached skill level 3 in Axes
   332 | D:5      | Reached XP level 3. HP: 33/33 MP: 3/3
   361 | D:5      | Reached skill level 4 in Axes
   361 | D:5      | Reached XP level 4. HP: 18/40 MP: 4/4
   732 | D:5      | Found a staircase to the Ecumenical Temple.
   736 | D:5      | Noticed an ogre
   790 | D:4      | HP: 1/40 [gnoll/+0 whip (10)]
   802 | D:4      | Slain by a gnoll

Illustrated notes

Levels and vault maps discovered:
D:4:      layout_basic, nicolae_ossuary_entry_ruins, fedhas_altar_fruit_tree
D:5:      layout_basic, kennysheep_mini_moat,
          minmay_temple_entry_enclosed_plants, uniq_eustachio, uniq_menkaure

Skill      XL: |  1  2  3 |
---------------+----------+-----
Axes           | 3 4 |  4.9
Fighting       | |  3.0
Dodging        | |  1.5
Stealth        | |  3.3

Action                   |  1- 3 |  4- 6 || total
-------------------------+-------+-------++-------
Melee: Hand axe          |    29 |    12 ||    41
       Tailslap          |     4 |       ||     4
 Abil: Rolling Charge    |       |     2 ||     2
Evoke: Wand              |       |     2 ||     2
  Use: Potion            |     1 |       ||     1
       Scroll            |       |     3 ||     3
Armor: Leather armour    |    11 |     5 ||    16
Dodge: Dodged            |    12 |     7 ||    19

Table legend: (Time is in decaauts)
 A = Elapsed time spent in this place.
 B = Non-inter-level travel time spent in this place.
 C = Inter-level travel time spent in this place.
 D = Time resting spent in this place.
 E = Time spent auto-exploring this place.
 F = Levels seen in this place.
 G = Mean time per level.
                   A        B        C        D        E       F      G
               +--------+--------+--------+--------+--------+-----+--------+
         Total |    797 |    797 |      0 |    183 |    458 |   2 |  398.5 |
       Dungeon |    797 |    797 |      0 |    183 |    458 |   2 |  398.5 |
               +--------+--------+--------+--------+--------+-----+--------+

Top non-repeatable levels by time:
     D:5: 740 daAuts
     D:4: 56 daAuts
